 Dungeon Crawl Stone Soup version 0.19-a0-599-g723c685 (webtiles) character file.

42 Kidiri the Firebug (level 3, 0/19 HPs)
             Began as a Deep Elf Fire Elementalist on June 11, 2016.
             Slain by Sigmund
             ... wielding a +0 scythe
              (12 damage)
             ... on level 2 of the Dungeon.
             The game lasted 00:05:16 (2238 turns).

Kidiri the Firebug (Deep Elf Fire Elementalist)     Turns: 2238, Time: 00:05:16

Health: 0/19       AC:  2    Str:  5    XL:     3   Next: 33%
Magic:  9/10       EV: 12    Int: 20    God:
Gold:   105        SH:  5    Dex: 15    Spells: 4 memorised, 0 levels left

rFire  . . .     SeeInvis .     k - +0 dagger
rCold  . . .     Gourm    .     a - +0 robe
rNeg   . . .     Faith    .     i - +2 buckler
rPois  .         Spirit   .     (no helmet)
rElec  .         Dismiss  .     (no cloak)
rCorr  .         Reflect  .     (no gloves)
SustAt .         Harm     .     (no boots)
MR     .....                    e - amulet of magic regeneration
Stlth  ++........               (no ring)
                                (no ring)

@: very slightly contaminated, hasted, very quick, not resistant to hostile
enchantments, unstealthy
A: no striking features
a: no special abilities


You were on level 2 of the Dungeon.
You were not hungry.

You visited 1 branch of the dungeon, and saw 2 of its levels.

You collected 105 gold pieces.

Inventory:

Hand Weapons
 k - a +0 dagger (weapon)
Armour
 a - a +0 robe (worn)
 i - a +2 buckler (worn)
Jewellery
 e - an amulet of magic regeneration (around neck)
Scrolls
 d - a scroll of random uselessness {unknown}
 f - 6 scrolls of identify {unknown}
 g - 2 scrolls of remove curse {unknown}
 h - a scroll of blinking {unknown}
Potions
 j - a potion of haste
 l - a potion of brilliance {unknown}
 m - a potion of magic {unknown}
 n - a potion of heal wounds {unknown}
 p - a potion of agility {unknown}
 q - a potion of degeneration {unknown}
Books
 b - a book of Flames

   Spells                             Type                      Level
   a - Flame Tongue                   Conjuration/Fire             1
   b - Throw Flame                    Conjuration/Fire             2
   c - Conjure Flame                  Conjuration/Fire             3
   d - Inner Flame                    Hexes/Fire                   3
   e - Sticky Flame                   Conjuration/Fire             4
   f - Fireball                       Conjuration/Fire             5
Comestibles
 c - a bread ration
 o - 2 royal jellies


   Skills:
 - Level 2.4 Dodging
 - Level 2.4 Stealth
 * Level 3.7 Spellcasting
 * Level 2.0 Conjurations
 * Level 4.1 Fire Magic


You couldn't memorise any spells.
You knew the following spells:

 Your Spells              Type           Power        Failure   Level  Hunger
a - Flame Tongue          Conj/Fire      ###..        8%          1    None
b - Throw Flame           Conj/Fire      ###...       12%         2    ##.....
c - Conjure Flame         Conj/Fire      ###.....     21%         3    ###....
d - Inner Flame           Hex/Fire       ##......     34%         3    ###....


Dungeon Overview and Level Annotations

Branches:
Dungeon (2/15)

Altars:
Dithmenos
Uskayaw

Annotations:
D:2 Sigmund


Message History

You don't know that spell.
Something hits you!
Unknown command.
There is an open door here.
You close the door.
Unknown command.
You are confused.
You bump into the rock wall.
You bump into the rock wall.
It was a potion of haste.
You feel yourself speed up.
Unknown command.
You bump into the rock wall.
Okay, then.
Unknown command.
You bump into the rock wall.
You bump into the rock wall.
You feel less confused. Something hits you!
Ouch! That really hurt!
You die...

#.._...................8.......8.
#.#.#............................
#.#.#............................
#.#.#...........######..)........
#.#.#...........# #......#####
..#'#.#+######### #......#
......#.# ##+###.#
......#.###############...#.#
......#.........@...[...#.#.#
......#################.#...# #
......# ####...##### ## ......#
#..#.### ##. ......# #..#.# ##.
......# #..#.# ###.. (.....#
#..#.# #.'.. ......#
#..#.#######.'.. ###'#.#
##########..#.........'..


There were no monsters in sight!

Vanquished Creatures
  An adder (D:2)
  2 worms (D:2)
  A dart slug (D:1)
  A giant gecko (D:2)
  A giant cockroach (D:2)
  4 goblins
  3 hobgoblins
  3 kobolds
  2 bats
  6 giant newts
  2 rats
26 creatures vanquished.

Notes
Turn   | Place    | Note
--------------------------------------------------------------
     0 | D:1      | Kidiri the Deep Elf Fire Elementalist began the quest for the Orb.
     0 | D:1      | Reached XP level 1. HP: 10/10 MP: 6/6
   429 | D:1      | Reached XP level 2. HP: 15/15 MP: 5/8
   433 | D:1      | Learned a level 2 spell: Throw Flame
   939 | D:2      | Found a hide-covered altar of Uskayaw.
   948 | D:2      | Reached skill level 4 in Fire Magic
  1110 | D:2      | Reached XP level 3. HP: 17/19 MP: 3/10
  1115 | D:2      | Learned a level 3 spell: Conjure Flame
  1119 | D:2      | Learned a level 3 spell: Inner Flame
  1248 | D:2      | Found a shadowy altar of Dithmenos.
  1260 | D:2      | Noticed Sigmund
  2238 | D:2      | Slain by Sigmund

Vault maps used:
D:1:      dpeg_arrival_stone_temple_mockup, serial_bayou, serial_bayou_shore_b,
          serial_bayou_lagoon_a, serial_bayou_pond_b, serial_bayou_shore_b
D:2:      lemuel_crystal_altar, eat_drink_and_be_merry_uskayaw,
          corexii_leaking_fountain, kennysheep_donut, uniq_sigmund

Skill      XL: |  1  2  3 |
---------------+----------+-----
Fire Magic     | 4 |  4.1
Conjurations   | 2 |  2.0
Dodging        | |  2.4
Stealth        | |  2.4
Spellcasting   | |  3.7

Action                   || total
-------------------------++-------
Melee: Dagger            ||     9
 Cast: Flame Tongue      ||    39
       Throw Flame       ||     7
       Conjure Flame     ||     1
  Use: Potion            ||     1
 Stab: Sleeping          ||     4
  Eat: Chunk             ||     4
Armor: Robe              ||     3
Dodge: Dodged            ||     8
Block: Buckler           ||     4
